 Dungeon Crawl Stone Soup version 0.30-b1-2-g02819fbbbe (webtiles) character file.

Game seed: 2032123902262382992

133 Mesmaeker13 the Firebug (level 4, -1/33 HPs)
             Began as a Demigod Fire Elementalist on June 30, 2023.
             Slain by an orc
             ... wielding a +0 hand axe
              (5 damage)
             ... on level 3 of the Dungeon.
             The game lasted 00:02:40 (3183 turns).

Mesmaeker13 the Firebug (Demigod Fire Elementalist) Turns: 3183, Time: 00:02:41

Health: -1/33      AC:  4    Str:  9    XL:     4   Next: 64%
Magic:  12/20      EV: 12    Int: 21    God:
Gold:   131        SH:  0    Dex: 14    Spells: 5/8 levels left

rFire   . . .        k - +1 trident (freeze)
rCold   . . .        (no shield)
rNeg    . . .        a - +0 robe
rPois   .            (no helmet)
rElec   .            (no cloak)
rCorr   .            h - +0 pair of gloves
SInv    .            n - +0 pair of boots
Will    .....        (no amulet)
Stlth   ++           o - ring of magical power
HPRegen 0.25/turn    e - ring of wizardry
MPRegen 0.17/turn

%: wizardry (x1)
@: no status effects
A: high MP 1, forlorn, divine attributes
a: no special abilities


You were on level 3 of the Dungeon.
You visited 1 branch of the dungeon, and saw 3 of its levels.

You collected 131 gold pieces.

Inventory:

Hand Weapons
 g - a +0 dagger
 k - a +1 trident of freezing (weapon)
Missiles
 f - 8 poisoned darts
Armour
 a - a +0 robe (worn)
 h - a +0 pair of gloves (worn)
 n - a +0 pair of boots (worn)
Jewellery
 e - a ring of wizardry (right hand)
 o - a ring of magical power (left hand)
Scrolls
 i - a scroll of butterflies
 j - a scroll of enchant armour
 p - 2 scrolls of teleportation
 r - a scroll of noise {unknown}
Potions
 b - a potion of magic
 c - a potion of might
 d - 2 potions of flight
 l - 2 potions of mutation
 m - a potion of attraction {unknown}
 q - a potion of invisibility


   Skills:
 - Level 1.7 Dodging
 - Level 1.7 Stealth
 + Level 2.9 Spellcasting
 + Level 2.5 Conjurations
 + Level 3.7 Fire Magic


You had 5 spell levels left.
You knew the following spells:

 Your Spells              Type           Power      Damage    Failure   Level
a - Foxfire               Conj/Fire      64%        2x1d7     1%          1
b - Scorch                Fire           36%        2d6       1%          2

Your spell library contained the following spells:

 Spells                   Type           Power      Damage    Failure   Level
 Inner Flame              Hex/Fire       10%        N/A       8%          3
 Volatile Blastmotes      Fire/Tloc      20%        2d11      8%          3
 Flame Wave               Conj/Fire      16%        2d7       16%         4


Dungeon Overview and Level Annotations

Branches:
Dungeon (3/15)


Innate Abilities, Weirdness & Mutations

You have an increased reservoir of magic. (+10% MP)
You shall have no god before yourself.
Your divine heritage dramatically boosts your attributes as you level up.


Message History

The orc is lightly wounded.
The foxfire hits the orc but does no damage.
The orc is lightly wounded.
Casting: Foxfire (safe; 1% risk of failure)
Confirm with . or Enter, or press ? or * to list all spells.
You conjure some foxfire!
A bat comes into view.
An orc comes into view. It is wielding a +0 mace.
The orc misses you. The orc closely misses your foxfire.
The bat moves out of view.
The foxfire hits the orc but does no damage.
The orc is lightly wounded.
Casting: Foxfire (safe; 1% risk of failure)
Confirm with . or Enter, or press ? or * to list all spells.
You conjure some foxfire!
The foxfire hits the orc.
You kill the orc!
The orc misses you. The orc closely misses you.
Unknown command.
Casting: Foxfire (safe; 1% risk of failure)
Confirm with . or Enter, or press ? or * to list all spells.
There is not enough space to conjure foxfire!
Unknown command.
Casting: Foxfire (safe; 1% risk of failure)
Confirm with . or Enter, or press ? or * to list all spells.
There is not enough space to conjure foxfire!
Unknown command.
Casting: Foxfire (safe; 1% risk of failure)
Confirm with . or Enter, or press ? or * to list all spells.
Flames lash the orc but do no damage.
The orc hits you with a +0 hand axe.
The orc hits you with a +0 hand axe of distortion.
Space warps horribly around you!!
Ouch! That really hurt!
* * * LOW HITPOINT WARNING * * *
Casting: Scorch (safe; 1% risk of failure)
Confirm with . or Enter, or press ? or * to list all spells.
Flames lash the orc.
The orc is severely wounded.
The orc's fire resistance burns away.
The orc hits you with a +0 hand axe.
You die...

##########..#
#@o.....##..#
#o#####.##..#
#o#......#..#
#.#......#..#
.#.######.#..#
#..........#..#
o.....######.#..###
..o.o.###...........#
####.. #...........#


You could see 3 orcs.

Vanquished Creatures
  4 gnolls (D:3)
  4 adders
  A worm (D:2)
  5 dart slugs
  An orc (D:3)
  A ball python (D:2)
  3 endoplasms
  2 giant cockroaches
  8 goblins
  6 hobgoblins
  A quokka (D:1)
  2 bats (D:1)
  2 frilled lizards (D:2)
  3 kobolds
  3 rats
46 creatures vanquished.

Vanquished Creatures (others)
  155 foxfires
155 creatures vanquished.

Grand Total: 201 creatures vanquished

Notes
Turn   | Place    | Note
-------+----------+-------------------------------------------
     0 | D:1      | Mesmaeker13 the Demigod Fire Elementalist began the quest
                  | for the Orb.
     0 | D:1      | Reached XP level 1. HP: 14/14 MP: 5/5
    30 | D:1      | Reached skill level 1 in Conjurations
   432 | D:1      | Reached XP level 2. HP: 20/20 MP: 5/7
   801 | D:1      | Reached skill level 3 in Fire Magic
  1264 | D:2      | You fall into a shaft and drop 1 floor!
  1860 | D:2      | Reached XP level 3. HP: 26/26 MP: 6/9
  2585 | D:2      | Learned a level 2 spell: Scorch
  2641 | D:3      | Reached XP level 4. HP: 33/33 MP: 10/10
  3183 | D:3      | Slain by an orc

Illustrated notes

Levels and vault maps discovered:
D:1:      lemuel_arrival_broad_hall, layout_basic, ebering_ecumenical_altar_box,
          amethyst_killhole
D:2:      layout_basic, basic_altar
D:3:      layout_basic, nicolae_overflow_ecumenical_swirl, elyvilon_altar_4,
          minmay_misc_feat_square, uniq_grinder

Skill      XL: |  1  2  3 |
---------------+----------+-----
Conjurations   | 1 2 |  2.5
Spellcasting   | 2 |  2.9
Fire Magic     | 3 |  3.7
Dodging        | |  1.7
Stealth        | |  1.7

Action                     |  1- 3 |  4- 6 || total
---------------------------+-------+-------++-------
   Cast: Foxfire           |    79 |    18 ||    97
         Scorch            |       |     5 ||     5
    Use: Scroll            |     6 |       ||     6
 Armour: Robe              |     5 |     1 ||     6
  Dodge: Dodged            |    24 |     7 ||    31
